 Dungeon Crawl Stone Soup version 0.30.1-4-g462c640d31 (webtiles) character file.

Game seed: 4549258057617333494

445 Graphine the Conjurer (level 7, -2/46 HPs)
             Began as a Human Conjurer on Aug 18, 2023.
             Slain by Pikel
             ... wielding a +0 whip of flaming
              (3 damage)
             ... on level 4 of the Dungeon.
             The game lasted 00:11:26 (4234 turns).

Graphine the Conjurer (Human Conjurer)              Turns: 4234, Time: 00:11:27

Health: -2/46      AC:  8    Str:  7    XL:     7   Next: 23%
Magic:  0/12       EV: 10    Int: 26    God:
Gold:   227        SH:  0    Dex: 11    Spells: 3/13 levels left

rFire   . . .        d - +1 short sword (drain)
rCold   . . .        (no shield)
rNeg    + + .        u - +1 ring mail of the Barnacle {Int+5}
rPois   .            (no helmet)
rElec   +            c - +1 cloak
rCorr   .            (no gloves)
SInv    +            (no boots)
Will    .....        j - amulet "Biats" {Spirit *Corrode rElec rN++ Regen+ Stlth+}
Stlth   ++           g - ring of wizardry
HPRegen 1.07/turn    o - ring of see invisible
MPRegen 0.13/turn

%: corrode self (3%), guardian spirit, wizardry (x1)
@: no status effects
A: no striking features
a: no special abilities


You were on level 4 of the Dungeon.
You visited 1 branch of the dungeon, and saw 4 of its levels.
You also visited: Ossuary.

You collected 227 gold pieces.

Inventory:

Hand Weapons
 d - a +1 short sword of draining (weapon)
 m - a +2 short sword of protection
Armour
 a - a +0 robe
 c - a +1 cloak (worn)
 u - the +1 ring mail of the Barnacle (worn) {Int+5}
   (You found it on level 3 of the Dungeon)

   Int:       It affects your intelligence (+5).
Magical Staves
 s - a staff of death
Jewellery
 g - a ring of wizardry (left hand)
 j - the amulet "Biats" (around neck) {Spirit *Corrode rElec rN++ Regen+ Stlth+}
   (You acquired it on level 3 of the Dungeon)

   [amulet of guardian spirit]

   It causes incoming damage to be divided between your reserves of health and
   magic.
   rElec:     It insulates you from electricity.
   rN:        It greatly protects you from negative energy.
   Regen:     It increases your rate of health regeneration.
   *Corrode:  It may corrode you when you take damage.
   Stlth:     It makes you more stealthy.
 l - a ring of ice
 o - a ring of see invisible (right hand)
 A - a ring of fire
Wands
 b - a wand of flame (10)
 v - a wand of roots (1)
 y - a wand of polymorph (11)
Scrolls
 e - a scroll of fog
 q - a scroll of amnesia
 C - 2 scrolls of magic mapping
Potions
 f - 2 potions of mutation
 h - a potion of ambrosia {unknown}
 i - a potion of attraction {unknown}
 k - a potion of lignification {unknown}
 n - 2 potions of brilliance {unknown}
 r - a potion of berserk rage {unknown}
 t - a potion of haste {unknown}
 w - a potion of might {unknown}
 x - 2 potions of heal wounds {unknown}
 z - a potion of flight {unknown}
 B - a potion of invisibility {unknown}


   Skills:
 + Level 2.3 Armour
 - Level 2.2 Dodging
 - Level 2.3 Stealth
 + Level 3.8 Spellcasting
 * Level 6.5 Conjurations


You had 3 spell levels left.
You knew the following spells:

 Your Spells              Type           Power      Damage    Failure   Level
a - Magic Dart            Conj           100%       1d8       1%          1
b - Searing Ray           Conj           78%        2d7       1%          2
c - Dazzling Flash        Conj/Hex       44%        N/A       9%          3
d - Fulminant Prism       Conj/Hex       11%        3d9       28%         4

Your spell library contained the following spells:

 Spells                   Type           Power      Damage    Failure   Level
 Momentum Strike          Conj/Tloc      44%        3d9       4%          2
 Blink                    Tloc           8%         N/A       17%         2
 Lesser Beckoning         Tloc           8%         N/A       17%         2
 Iskenderun's Mystic Bla  Conj/Tloc      22%        2d6       28%         4


Dungeon Overview and Level Annotations

Branches:
Dungeon (4/15)            Ossuary (visited)
 Temple: D:4-7

Altars:

Annotations:
D:4 Pikel


Message History

The orc priest calls upon Beogh to heal the orc priest.
The orc priest is healed somewhat.
The searing ray hits Pikel.
Pikel is severely wounded.
The searing ray misses the lemure.
The searing ray misses the orc priest.
Pikel drinks a potion.
Pikel is healed!
The orc priest invokes the aid of Beogh against you.
Beogh smites you!
The orc priest mumbles some strange prayers to Beogh against you.
Beogh smites you!
The searing ray hits Pikel.
Pikel is severely wounded.
The searing ray hits the lemure!
You kill the lemure!
That felt strangely unrewarding.
The searing ray hits the orc priest.
The orc priest is severely wounded.
Pikel hits you with a +0 whip of flaming.
Pikel burns you.
Without enough magic to sustain it, your searing ray dissipates.
The orc priest looks encouraged for a moment.
Pikel hits you with a +0 whip of flaming!
* * * LOW HITPOINT WARNING * * *
Pikel burns you.
* * * LOW HITPOINT WARNING * * *
You feel better.
The orc priest invokes the aid of Beogh against you.
Beogh smites you!
* * * LOW HITPOINT WARNING * * *
Pikel hits you with a +0 whip of flaming.
* * * LOW HITPOINT WARNING * * *
Pikel burns you.
* * * LOW HITPOINT WARNING * * *
Pikel cracks his whip.
The orc priest calls down the wrath of Beogh upon you.
You struggle to resist.
Pikel attacks as you move away!
Pikel hits you with a +0 whip of flaming!
* * * LOW HITPOINT WARNING * * *
Pikel burns you.
You die...

#..............#
#..............#
##...).........# .
#.............# ..
#.............# ...
#.........)..## ...
#...........###..### #..
#.....)....## #.....
###.55###..@...)..### #.....
....)55o.#K.....#...# #.....
########.o..).......###.....
####..######.##......
#..#....#.##......
#..###).#.........
#.....))#.........
#..###..#.........
#..#....#.........


You could see Pikel, 2 lemures and 2 orc priests.

Vanquished Creatures
  Menkaure (Ossuary)
  A lemure (D:4)
  A scorpion (D:4)
  Ijyb (D:3)
  A mummy (Ossuary)
  6 adders
  A dart slug (D:3)
  15 orcs
  4 ball pythons
  5 bats
  6 endoplasms
  A giant cockroach (D:4)
  4 goblins
  5 hobgoblins
  3 jackals (D:1)
  4 kobolds
  2 frilled lizards (D:1)
  4 gnoll skeletons (Ossuary)
  5 gnoll zombies (Ossuary)
  2 goblin skeletons (Ossuary)
  7 goblin zombies
  4 hobgoblin skeletons (Ossuary)
  5 hobgoblin zombies (Ossuary)
  5 kobold skeletons (Ossuary)
  4 kobold zombies (Ossuary)
  4 orc skeletons (Ossuary)
  3 orc zombies (Ossuary)
  7 rats
  4 rat skeletons (Ossuary)
  3 rat zombies (Ossuary)
118 creatures vanquished.

Vanquished Creatures (collateral kills)
  An orc priest (D:4)
  2 mummies (Ossuary)
  2 gnoll skeletons (Ossuary)
5 creatures vanquished.

Grand Total: 123 creatures vanquished

Notes
Turn   | Place    | Note
-------+----------+-------------------------------------------
     0 | D:1      | Graphine the Human Conjurer began the quest for the Orb.
     0 | D:1      | Reached XP level 1. HP: 13/13 MP: 3/3
   189 | D:1      | Reached XP level 2. HP: 19/19 MP: 0/5
   789 | D:1      | Reached XP level 3. HP: 24/24 MP: 3/6
  1445 | D:2      | Learned a level 2 spell: Searing Ray
  1449 | D:2      | Learned a level 3 spell: Dazzling Flash
  1818 | D:2      | Reached XP level 4. HP: 30/30 MP: 1/7
  1963 | D:2      | You fall into a shaft and drop 1 floor!
  2304 | D:3      | Reached skill level 5 in Conjurations
  2506 | D:3      | Identified the +1 ring mail of the Barnacle {Int+5}
  2557 | D:3      | Noticed Ijyb
  2564 | D:3      | Killed Ijyb
  2565 | D:3      | Reached XP level 5. HP: 7/35 MP: 0/9
  2816 | D:3      | Identified a scroll of acquirement
  2816 | D:3      | Acquired the amulet "Biats" {Spirit *Corrode rElec rN++
                  | Regen+ Stlth+}
  3064 | D:4      | Found a sand-covered staircase.
  3074 | Ossuary  | Entered an ossuary
  3092 | Ossuary  | Learned a level 4 spell: Fulminant Prism
  3586 | Ossuary  | Reached skill level 1 in Armour
  3799 | Ossuary  | Reached XP level 6. HP: 41/41 MP: 3/10
  3826 | Ossuary  | Noticed Menkaure
  3843 | Ossuary  | Killed Menkaure
  3844 | Ossuary  | Reached skill level 6 in Conjurations
  4052 | D:4      | Reached XP level 7. HP: 33/46 MP: 3/12
  4218 | D:4      | Noticed Pikel
  4234 | D:4      | HP: 1/46 [Pikel/+0 whip of flaming (6)]
  4234 | D:4      | Slain by Pikel

Illustrated notes

Levels and vault maps discovered:
D:1:      dpeg_chamrin_arrival_tetris, layout_basic, kennysheep_nondescript,
          serial_bayou_pond_e, dreamdust_wishing_well, minmay_misc_feat_plants,
          minmay_misc_feat_columns
D:2:      layout_loops_cross
D:3:      layout_rooms, dreamdust_mushroom_princess, kennysheep_generic_room_10,
          uniq_ijyb
D:4:      layout_cave_pods, enter_ossuary_4, uniq_pikel, uniq_eustachio

Skill      XL: |  1  2  3  4  5  6 |
---------------+-------------------+-----
Conjurations   | 5 6 |  6.5
Spellcasting   | 3 |  3.8
Armour         | 1 2 |  2.3
Dodging        | |  2.2
Stealth        | |  2.3

Action                     |  1- 3 |  4- 6 |  7- 9 || total
---------------------------+-------+-------+-------++-------
  Melee: Short sword       |    28 |   112 |     1 ||   141
         Punch             |       |     1 |       ||     1
         Unarmed           |       |     1 |       ||     1
   Cast: Magic Dart        |    48 |   112 |    10 ||   170
         Dazzling Flash    |     2 |     1 |       ||     3
         Searing Ray       |       |     7 |     2 ||     9
    Use: Scroll            |     4 |     8 |       ||    12
         Potion            |       |     1 |     1 ||     2
   Stab: Invisible         |     1 |       |       ||     1
         Sleeping          |       |     3 |       ||     3
 Armour: Robe              |    10 |     3 |       ||    13
         Ring mail         |       |    51 |     1 ||    52
  Dodge: Dodged            |    20 |    70 |     1 ||    91
